Map: Romanticide LE

Players

A.I. 1 (Very Easy)

  • Race: Zerg Zerg
  • Spawn Location: 11:00

Infernox - Winner!

  • Race: Terran Terran
  • Spawn Location: 5:00

VOD

Have the link to the VOD?

Description

Time

  • Played on: Oct. 18, 2020, 10:31 a.m.
  • Length: 12:38
Show
View Real Time Build Order
Export as new Build Order

A.I. 1 (Very Easy) Zerg 

Build Orders: Hatch First 

Get SALT Encoding   

  12  0:00  Drone  
  13  0:12  Overlord  
  13  0:16  Drone  
  14  0:43  Hatchery  
  14  0:45  Drone  
  14  1:05  Spawning Pool  
  14  1:06  Extractor  
  14  1:09  Drone  
  13  1:16  Drone  
  14  1:22  Overlord  
  14  1:53  Queen, Zergling x2  
  17  1:55  Zergling x2  
  18  2:03  Roach Warren  
  18  2:07  Drone  
  18  2:10  Extractor  
  18  2:14  Drone  
  18  2:19  Zergling x2  
  19  2:24  Drone  
  20  2:31  Drone  
  21  2:38  Drone  
  22  2:45  Drone  
  23  2:53  Drone  
  24  3:00  Drone  
  25  3:07  Drone  
  25  3:11  Roach, Overlord  
  28  3:15  Drone  
  29  3:23  Drone  
  30  3:30  Drone  
  30  3:37  Drone  
  31  3:45  Drone  
  31  3:46  Overlord  
  32  3:52  Drone  
  32  3:55  Lair  
  33  3:59  Drone  
  33  4:02  Roach  
  36  4:06  Drone  
  37  4:13  Drone  
  38  4:20  Drone  
  39  4:28  Drone  
  40  4:35  Drone  
  40  4:37  Overlord  
  41  4:42  Drone  
  42  4:49  Drone  
  43  4:53  Extractor  
  43  4:54  Overseer, Roach  
  43  4:55  Overseer  
  43  4:56  Drone  
  45  5:03  Drone, Extractor  
  45  5:10  Drone  
  46  5:18  Drone  
  47  5:25  Drone  
  48  5:32  Drone  
  49  5:39  Drone  
  50  5:45  Roach  
  51  7:30  Zergling x2  
  51  7:35  Overseer  
  51  7:36  Overlord  
  42  7:59  Overseer, Overlord  
  42  8:22  Roach  
  44  8:30  Overlord  
  44  8:41  Overseer  
  44  8:48  Overlord  
  44  9:08  Overseer, Overlord  
  44  9:13  Zergling x2  
  45  10:05  Roach  
  47  10:43  Pneumatized Carapace, Roach  
  47  10:44  Overseer  
  47  10:45  Overlord x2  
  49  11:02  Roach  
  51  11:21  Zergling x2  
  51  11:23  Spire, Drone  
  50  11:39  Zergling x2  
  48  11:49  Overseer  
  48  12:00  Zergling x2  
  44  12:01  Overseer  
  44  12:03  Overlord  
  44  12:04  Drone  
Show
View Real Time Build Order
Export as new Build Order

Infernox Terran - Winner!

Build Orders: Command Center First (CC) 

Get SALT Encoding   

  12  0:00  SCV  
  13  0:12  SCV  
  14  0:16  Supply Depot  
  14  0:24  SCV  
  15  0:38  SCV  
  16  0:50  SCV  
  17  0:58  Command Center  
  17  1:02  SCV  
  18  1:07  Refinery  
  18  1:14  SCV  
  19  1:21  Barracks  
  19  1:26  SCV  
  20  1:35  Barracks  
  20  1:39  SCV  
  21  1:51  SCV  
  22  2:07  Orbital Command, Marine  
  23  2:11  Orbital Command  
  23  2:21  Barracks Tech Lab  
  23  2:28  Marine  
  24  2:32  SCV  
  24  2:36  SCV  
  26  2:39  Marine  
  26  2:40  Stimpack  
  27  2:44  SCV  
  27  2:45  Marine  
  27  2:49  SCV  
  30  2:55  Command Center  
  30  3:00  Factory  
  30  3:02  SCV  
  30  3:04  SCV  
  32  3:07  Marine x2  
  32  3:12  Supply Depot  
  34  3:14  SCV  
  34  3:16  SCV  
  36  3:25  Marine x2  
  38  3:33  SCV x2  
  40  3:37  Command Center  
  40  3:43  Marine x2  
  40  3:47  Starport  
  42  3:51  Refinery, Factory Reactor  
  42  3:54  Refinery  
  42  3:57  SCV, Refinery  
  42  3:59  SCV  
  42  4:01  Marine  
  45  4:03  Marine  
  45  4:08  Orbital Command  
  46  4:11  SCV x2  
  48  4:23  Engineering Bay x2  
  49  4:24  SCV x2  
  49  4:26  Marine  
  49  4:27  Marine  
  52  4:36  Medivac x2  
  52  4:38  SCV  
  57  4:41  SCV  
  57  4:42  SCV  
  59  4:46  Marine x2  
  59  4:49  Terran Infantry Weapons Level 1, Orbital Command  
  59  4:52  Terran Infantry Armor Level 1  
  61  4:57  Orbital Command  
  61  4:59  SCV x2  
  63  5:02  Orbital Command  
  63  5:06  Combat Shield  
  63  5:08  Factory Tech Lab  
  63  5:12  SCV x2  
  65  5:14  Barracks  
  65  5:15  Barracks Reactor  
  65  5:16  SCV  
  65  5:18  Marine  
  67  5:23  Supply Depot  
  67  5:24  SCV x2  
  67  5:27  SCV  
  67  5:28  SCV  
  71  5:30  Siege Tank  
  74  5:36  SCV x2  
  74  5:39  Supply Depot  
  76  5:43  Marine  
  76  5:44  SCV x2  
  76  5:46  Armory  
  76  5:48  SCV x2  
  81  5:52  Marine x2  
  81  5:56  SCV x2  
  85  5:58  Barracks  
  85  6:00  SCV  
  85  6:01  Barracks  
  85  6:02  Marauder  
  85  6:03  SCV, Orbital Command  
  90  6:04  Barracks Reactor  
  90  6:08  SCV  
  90  6:16  SCV x2  
  90  6:17  Refinery  
  92  6:18  Refinery  
  92  6:20  SCV, Medivac x2, Marine x2  
  99  6:26  Factory  
  99  6:30  Supply Depot  
  99  6:31  Supply Depot  
  99  6:32  SCV  
  100  6:33  Siege Tank, SCV x2, Marauder  
  100  6:39  Drilling Claws  
  108  6:40  Terran Vehicle And Ship Armor Level 1  
  108  6:52  SCV x3, Marine x2  
  108  6:54  Supply Depot, SCV  
  113  6:55  Supply Depot  
  113  6:56  Terran Infantry Weapons Level 2  
  113  6:57  Terran Infantry Armor Level 2  
  113  7:00  Refinery  
  113  7:01  Refinery  
  113  7:04  SCV x3  
  113  7:06  Barracks Tech Lab  
  113  7:07  Barracks Reactor  
  116  7:10  SCV  
  116  7:11  Marine x3  
  116  7:12  Marine, Marauder  
  116  7:13  Concussive Shells  
  116  7:14  Factory Reactor  
  123  7:16  SCV x2  
  125  7:23  SCV x2  
  125  7:26  Command Center  
  125  7:28  SCV x2  
  129  7:30  Marine x2, Marauder  
  129  7:34  Medivac x2, Marauder  
  139  7:39  SCV  
  139  7:42  Supply Depot  
  139  7:44  Supply Depot  
  140  7:48  SCV, Marine x3  
  144  7:51  Marine x2  
  144  7:52  Marauder  
  144  7:56  Supply Depot  
  148  8:03  Thor, Marauder  
  148  8:05  Medivac x2  
  160  8:06  Supply Depot  
  160  8:08  Supply Depot  
  160  8:13  Marine x2, Marauder  
  160  8:18  Widow Mine x2, Marine x4  
  172  8:21  Supply Depot  
  172  8:22  Starport  
  172  8:28  Marauder  
  172  8:30  Marine  
  172  8:31  Sensor Tower, Marine  
  172  8:33  Sensor Tower, Supply Depot  
  176  8:34  Marauder  
  176  8:36  Marine  
  176  8:37  Marine x3  
  176  8:40  Widow Mine  
  184  8:41  Command Center  
  184  8:46  Siege Tank  
  187  8:48  Marine  
  187  8:49  Marine  
  187  8:50  Widow Mine, Marauder  
  187  8:52  Medivac x2  
  187  8:53  Marine  
  187  8:55  Marine  
  199  9:00  Marine  
  200  9:05  Planetary Fortress  
  200  9:11  Sensor Tower, Command Center  
  200  9:14  Missile Turret  
  200  9:16  Missile Turret x3  
  200  9:17  Missile Turret  
  200  9:18  Missile Turret x2  
  200  9:19  Missile Turret  
  200  9:23  Missile Turret, Starport  
  200  9:24  Starport Reactor, Missile Turret  
  200  9:25  Missile Turret  
  200  9:27  Factory  
  200  9:28  Factory  
  200  9:41  Supply Depot x2  
  200  9:43  Supply Depot, Terran Vehicle And Ship Armor Level 2, Terran Infantry Armor Level 3, Terran Infantry Weapons Level 3  
  200  9:50  Armory  
  200  9:53  Orbital Command  
  200  10:01  Orbital Command  
  200  10:09  Starport Reactor  
  200  10:10  Starport Tech Lab  
  200  10:12  Factory Tech Lab, Starport, Factory Reactor  
  200  10:20  Starport  
  200  10:23  Barracks  
  200  10:24  Barracks  
  200  10:26  Barracks  
  200  10:30  Refinery  
  200  10:35  Barracks  
  200  10:38  Refinery  
  200  10:39  Command Center, Refinery  
  200  10:40  Sensor Tower  
  200  10:42  Missile Turret  
  200  10:47  Missile Turret x3  
  200  10:48  Missile Turret  
  200  10:53  Smart Servos  
  200  11:06  Starport Reactor, Unknown, Starport Tech Lab  
  200  11:08  Ghost Academy  
  200  11:11  Fusion Core  
  200  11:24  Sensor Tower  
  200  11:27  Missile Turret  
  200  11:28  Missile Turret  
  200  11:29  Planetary Fortress  
  199  11:45  Marine  
  200  11:47  Command Center, Refinery  
  200  11:48  Command Center, Missile Turret x2  
  200  11:52  Planetary Fortress  
  200  11:53  Command Center  
  200  12:07  Missile Turret  
  200  12:08  Missile Turret  
  200  12:17  Ghost Academy  
  200  12:19  Ghost Academy x2  
  200  12:20  Ghost Academy  
  200  12:21  Ghost Academy  
  200  12:24  Ghost Academy  
  200  12:28  Barracks Reactor x2, Barracks Tech Lab x2  
Tags
 
Add a new tag
Caveats
  • Supply blocks, unpowered buildings, or Contaminate may cause inaccurate times.
  • Supply counts are checked every 10 seconds.